 Dungeon Crawl Stone Soup version 0.24.0-1-gfbc8707122 (console) character file.

Game seed: 650828486832783761, levelgen mode: deterministic

20257 AlterAsc the Thaumaturge (level 12, -3/72 HPs)
             Began as a Deep Elf Conjurer on Oct 28, 2019.
             Was a High Priest of Vehumet.
             Slain by a black mamba (17 damage)
             ... on level 1 of the Lair of Beasts.
             The game lasted 01:50:58 (15473 turns).

AlterAsc the Thaumaturge (Deep Elf Conjurer)       Turns: 15473, Time: 01:50:58

Health: -3/72      AC:  7    Str:  8    XL:     12   Next: 43%
Magic:  3/30       EV: 13    Int: 26    God:    Vehumet [*****.]
Gold:   755        SH:  5    Dex: 15    Spells: 3/35 levels left

rFire    + . .     SeeInvis +   K - staff of energy
rCold    . . .     Gourm    .   y - +0 buckler
rNeg     . . .     Faith    .   G - +0 steam dragon scales
rPois    .         Spirit   .   V - +0 helmet {SInv}
rElec    .         Reflect  .   C - +0 cloak
rCorr    .         Harm     .   (no gloves)
MR       +....                  (no boots)
Stlth    ++........             (no amulet)
HPRegen  0.22/turn              n - +3 ring of strength
MPRegen  0.22/turn              l - ring of protection from fire

@: lethally poisoned (-3 -> -8), about to teleport
A: no striking features
a: Renounce Religion


You were on level 1 of the Lair of Beasts.
You worshipped Vehumet.
Vehumet was extremely pleased with you.
You were not hungry.

You visited 2 branches of the dungeon, and saw 14 of its levels.

You collected 927 gold pieces.
You spent 172 gold pieces at shops.

Inventory:

Hand Weapons
 B - a +3 dagger
 H - a +2 dagger of speed
Missiles
 A - 160 stones (quivered)
Armour
 t - a scarf of cloud immunity
 y - a +0 buckler (worn)
 C - a +0 cloak (worn)
 G - +0 steam dragon scales (worn)
 Q - a +2 hat
 V - a +0 helmet of see invisible (worn)
Magical Staves
 f - an uncursed staff of air
 J - an uncursed staff of poison
 K - an uncursed staff of energy (weapon)
Jewellery
 l - a ring of protection from fire (right hand)
 n - a +3 ring of strength (left hand)
 E - the ring "Kaupp" {*Tele rPois}
   (You took it off a gnoll on level 9 of the Dungeon)

   [ring of teleportation]

   It may teleport you next to monsters.
   It protects you from poison.
 W - an uncursed amulet of rage
Wands
 s - a wand of digging (2)
 w - a wand of flame (22)
 z - a wand of paralysis (12)
 O - a wand of polymorph (11)
Scrolls
 b - a scroll of fog {unknown}
 e - 5 scrolls of enchant weapon
 h - 8 scrolls of remove curse
 i - a scroll of teleportation
 k - a scroll of amnesia {unknown}
 m - a scroll of brand weapon {unknown}
 p - 5 scrolls of immolation
 v - a scroll of enchant armour {unknown}
 F - 2 scrolls of fear
 I - 3 scrolls of identify
 P - a scroll of magic mapping {unknown}
 Y - a scroll of acquirement {unknown}
Potions
 a - a potion of agility
 d - 2 potions of mutation {unknown}
 g - 3 potions of degeneration
 j - 3 potions of haste
 o - a potion of brilliance {unknown}
 q - 4 potions of curing
 r - 2 potions of ambrosia {unknown}
 u - 4 potions of might {unknown}
 x - a potion of flight {unknown}
 D - a potion of heal wounds {unknown}
 N - 3 potions of lignification {unknown}
 R - a potion of cancellation {unknown}
 S - a potion of invisibility {unknown}
 X - a potion of berserk rage
Miscellaneous
 L - a crystal ball of energy
 M - a crystal ball of energy
 T - a fan of gales
Comestibles
 c - 16 rations


   Skills:
 + Level 7.3 Fighting
 - Level 3.0 Dodging
 - Level 3.0 Stealth
 - Level 4.0 Shields
 + Level 12.1 Spellcasting
 + Level 10.7 Conjurations
 - Level 6.5 Translocations
 + Level 7.2 Fire Magic
 * Level 4.7 Ice Magic
 * Level 4.3 Air Magic
 - Level 7.0 Earth Magic


You had 3 spell levels left.
You knew the following spells:

 Your Spells              Type           Power        Failure   Level  Hunger
a - Magic Dart            Conj           ####         1%          1    None
b - Searing Ray           Conj           ######       1%          2    None
c - Flame Tongue          Conj/Fire      #####        1%          1    None
d - Sandblast             Erth           ######       1%          1    None
e - Force Lance           Conj/Tloc      ######..     1%          4    None
f - Iskenderun's Mystic   Conj           ######..     1%          4    None
g - Fireball              Conj/Fire      ######....   1%          5    None
h - Conjure Flame         Conj/Fire      ######..     1%          3    None
i - Freezing Cloud        Conj/Ice/Air   ######....   11%         6    None
j - Bolt of Magma         Conj/Fire/Erth ######....   1%          5    None

Your spell library contained the following spells:

 Spells                   Type           Power        Failure   Level  Hunger
 Dazzling Spray           Conj/Hex       #####.       1%          3    None
 Mephitic Cloud           Conj/Pois/Air  #####...     1%          3    None
 Poisonous Vapours        Pois/Air       ####..       2%          2    None
 Fulminant Prism          Conj/Hex       #####.....   1%          4    None
 Ring of Flames           Chrm/Fire      ####......   100%        7    None


Dungeon Overview and Level Annotations

Branches:
Dungeon (12/15)            Temple (0/1) D:6            Lair (2/6) D:9
  Swamp: Lair:2-4    Shoals: Lair:2-4     Snake: Lair:2-4    Spider: Lair:2-4
    Orc: D:9-12

Altars:
Ashenzari
Cheibriados
Elyvilon
Gozag
Kikubaaqudgha
Makhleb
Nemelex Xobeh
Qazlal
Ru
Sif Muna
Trog
Vehumet
Wu Jian
Yredelemnul

Shops:
D:5 (   D:11 *[%[

Annotations:
D:8 2 transporters


Message History

You are poisoned.
The black mamba poisons you!
You climb upwards.
You feel sick.
There is a stone staircase leading down here.
As you read the scroll of teleportation, it crumbles to dust.
You feel strangely unstable.
You feel sick. You block the black mamba's attack.
The black mamba closely misses you. x2
The black mamba bites you but does no damage.
Casting: Fireball (safe; 1% risk of failure)
Confirm with . or Enter, or press ? or * to list all spells.
Aiming: Force Lance (safe; 1% risk of failure)
Press: ? - help, Shift-Dir - straight line, f - black mamba
Aim: a black mamba (severely wounded)
The lance of force hits the black mamba.
The black mamba is almost dead.
The black mamba is knocked back by the lance of force.
You feel sick. The black mamba bites you!
* * * LOW HITPOINT WARNING * * *
The black mamba bites you!
You die...

#..#### ######## #### ### #.## #
#.#.##.####..####P########.#####
#...............................
#.....<.........................
#......÷....[...................
##...............................
#.............####...............
##..........#.#.@.###............
#......#####..S.......###..##.##
#......# ##....⌠....###########
#......###...####.S..#..#
#......#.....####.#...###
#......#....###.####....#
#......#.........###...######
#......†.................+..#
#.....⌠.....⌠..>..⌠.....⌠..##


You could see 2 black mambas.

Vanquished Creatures
  4 hydras
  Erica (D:11)
  A cyclops (D:12)
  A gargoyle (D:10)
  A spiny frog (Lair:1)
  A kobold demonologist (D:9)
  A troll (D:9)
  4 blink frogs (Lair:1)
  A wraith (D:10)
  A vampire (D:11)
  29 yaks
  A wyvern (D:8)
  Grum (D:10)
  A steam dragon (D:7)
  A water moccasin (D:7)
  5 porcupines
  An orc warrior (D:12)
  6 ice beasts
  4 sky beasts
  3 phantoms
  A necrophage (D:8)
  17 wolves
  2 black bears (D:9)
  A boggart (D:9)
  7 ogres
  5 centaurs
  10 crocodiles
  10 big kobolds
  15 bullfrogs
  A gnoll sergeant (D:10)
  5 scorpions
  3 killer bees (D:11)
  14 wights
  2 bullfrog zombies
  4 howler monkeys
  2 crimson imps
  3 quasits
  6 jellies
  5 orc priests
  A gnoll shaman (D:7)
  3 hounds
  9 orc wizards
  7 iguanas
  9 worker ants
  A killer bee zombie (D:6)
  A hound zombie (D:5)
  A hound skeleton (D:6)
  9 adders
  19 gnolls
  An ooze (D:3)
  An adder zombie (D:10)
  2 adder skeletons
  5 worms
  4 dart slugs
  4 leopard geckos
  27 orcs
  A ball python (D:3)
  5 bats
  8 giant cockroaches
  12 goblins
  9 hobgoblins
  9 jackals
  9 quokkas
  7 frilled lizards
  A jackal zombie (D:7)
  17 kobolds
  A quokka skeleton (D:8)
  A quokka zombie (D:9)
  5 rats
  A spectral orc (D:5)
371 creatures vanquished.

Vanquished Creatures (others)
  A fungus (D:9)
  3 plants (D:9)
4 creatures vanquished.

Grand Total: 375 creatures vanquished

Notes
Turn   | Place    | Note
-------+----------+-------------------------------------------
     0 | D:1      | AlterAsc the Deep Elf Conjurer began the quest for the Orb.
     0 | D:1      | Reached XP level 1. HP: 10/10 MP: 6/6
   158 | D:1      | Reached XP level 2. HP: 15/15 MP: 5/8
   494 | D:1      | Reached XP level 3. HP: 11/19 MP: 2/10
   881 | D:2      | Learned a level 2 spell: Searing Ray
   985 | D:2      | Found a shattered altar of Ashenzari.
  1036 | D:2      | Found a white marble altar of Elyvilon.
  1148 | D:2      | Reached skill level 1 in Fighting
  1148 | D:2      | Reached skill level 4 in Spellcasting
  1148 | D:2      | Reached skill level 5 in Conjurations
  1148 | D:2      | Reached XP level 4. HP: 15/25 MP: 1/12
  1534 | D:2      | Found a radiant altar of Vehumet.
  1534 | D:2      | Found a burning altar of Makhleb.
  1540 | D:2      | Became a worshipper of Vehumet
  1925 | D:3      | Found a stormy altar of Qazlal.
  1982 | D:3      | Found a sparkling altar of Nemelex Xobeh.
  2485 | D:3      | Reached XP level 5. HP: 29/29 MP: 9/13
  2745 | D:3      | Reached * piety under Vehumet
  2745 | D:3      | Offered knowledge of Flame Tongue by Vehumet.
  2984 | D:3      | Learned a level 1 spell: Flame Tongue
  3100 | D:4      | Noticed an ogre
  3110 | D:4      | Killed an ogre
  3110 | D:4      | Reached skill level 5 in Spellcasting
  3214 | D:4      | Reached XP level 6. HP: 35/35 MP: 6/16
  3477 | D:4      | Reached skill level 6 in Spellcasting
  3514 | D:4      | Found a radiant altar of Vehumet.
  3788 | D:5      | Entered Level 5 of the Dungeon
  3927 | D:5      | Reached ** piety under Vehumet
  3938 | D:5      | Reached XP level 7. HP: 20/40 MP: 0/19
  4414 | D:5      | Reached skill level 7 in Spellcasting
  4448 | D:5      | Offered knowledge of Sandblast by Vehumet.
  4583 | D:5      | Found Ipialisch's Weapon Boutique.
  5011 | D:5      | Learned a level 1 spell: Sandblast
  5108 | D:5      | Reached skill level 8 in Spellcasting
  5221 | D:5      | Reached XP level 8. HP: 48/48 MP: 15/22
  5296 | D:5      | Found a basalt altar of Yredelemnul.
  5516 | D:6      | Reached skill level 1 in Fire Magic
  5516 | D:6      | Reached skill level 1 in Earth Magic
  6153 | D:6      | Found a staircase to the Ecumenical Temple.
  6190 | D:6      | Reached skill level 9 in Spellcasting
  6203 | D:6      | Found a bloodstained altar of Trog.
  6395 | D:6      | Found a shimmering blue altar of Sif Muna.
  6595 | D:7      | Offered knowledge of Throw Flame by Vehumet.
  6701 | D:7      | Reached skill level 1 in Shields
  6701 | D:7      | Reached XP level 9. HP: 52/52 MP: 24/24
  6794 | D:7      | Found an ancient bone altar of Kikubaaqudgha.
  6991 | D:7      | Reached *** piety under Vehumet
  6999 | D:7      | Found a sacrificial altar of Ru.
  7111 | D:7      | Reached skill level 5 in Fighting
  7118 | D:7      | Learned a level 4 spell: Force Lance
  7123 | D:7      | Learned a level 4 spell: Iskenderun's Mystic Blast
  7174 | D:7      | Found a snail-covered altar of Cheibriados.
  7572 | D:8      | Reached skill level 10 in Spellcasting
  7614 | D:8      | Offered knowledge of Sticky Flame by Vehumet.
  7630 | D:8      | Found a transporter.
  7902 | D:8      | Found an ornate altar of the Wu Jian Council.
  7967 | D:8      | Found a transporter.
  8426 | D:9      | Reached XP level 10. HP: 60/60 MP: 12/26
  8697 | D:9      | Reached skill level 1 in Translocations
  9018 | D:9      | Reached **** piety under Vehumet
  9171 | D:9      | Offered knowledge of Inner Flame by Vehumet.
  9548 | D:9      | Identified the ring "Kaupp" {*Tele rPois}
  9680 | D:9      | Reached skill level 5 in Fire Magic
  9945 | D:9      | Found a staircase to the Lair.
  9980 | D:9      | Found an opulent altar of Gozag.
 10003 | D:9      | Reached skill level 5 in Earth Magic
 10217 | D:9      | Reached skill level 11 in Spellcasting
 10510 | D:9      | Reached ***** piety under Vehumet
 10527 | D:9      | Offered knowledge of Fireball by Vehumet.
 10536 | D:9      | Learned a level 5 spell: Fireball
 10632 | Lair:1   | Entered Level 1 of the Lair of Beasts
 10651 | Lair:1   | Noticed a six-headed hydra
 10656 | Lair:1   | Killed a six-headed hydra
 10656 | Lair:1   | Reached XP level 11. HP: 65/65 MP: 12/28
 10658 | Lair:1   | Noticed an eight-headed hydra
 10725 | D:10     | Entered Level 10 of the Dungeon
 10921 | D:10     | Reached skill level 5 in Translocations
 10923 | D:10     | Noticed Grum
 11377 | D:10     | Killed Grum
 11464 | D:10     | Learned a level 3 spell: Conjure Flame
 11954 | D:11     | Found Saulu's Food Emporium.
 12041 | D:11     | Found Opsosh's Assorted Antiques.
 12167 | D:11     | Found a gate leading to a gauntlet.
 12231 | D:11     | Reached skill level 10 in Conjurations
 12396 | D:11     | Found Jueplyach's Armour Shop.
 12617 | D:11     | Bought a +0 helmet of see invisible for 172 gold pieces
 12662 | D:11     | Found Aqoimu's Antique Armour Boutique.
 12829 | D:11     | Noticed Erica
 12838 | D:11     | Killed Erica
 13036 | D:11     | Noticed a red ugly thing
 13242 | D:11     | Learned a level 6 spell: Freezing Cloud
 13344 | D:12     | Reached skill level 1 in Ice Magic
 13606 | D:12     | Noticed a four-headed hydra
 13610 | D:12     | Killed a four-headed hydra
 13610 | D:12     | Reached skill level 1 in Air Magic
 13867 | Lair:1   | Killed an eight-headed hydra
 14191 | Lair:1   | Reached XP level 12. HP: 67/72 MP: 22/29
 14505 | Lair:1   | Noticed a seven-headed hydra
 14510 | Lair:1   | Killed a seven-headed hydra
 14537 | Lair:1   | Reached skill level 12 in Spellcasting
 14694 | Lair:1   | Offered knowledge of Bolt of Magma by Vehumet.
 15013 | Lair:1   | Learned a level 5 spell: Bolt of Magma
 15470 | Lair:2   | Noticed a seven-headed hydra
 15473 | Lair:1   | Slain by a black mamba

Levels and vault maps discovered:
D:1:      dpeg_arrival_brainrot, layout_rooms
D:2:      layout_loops_cross, overflow_temple_1_default,
          overflow_temple_1_default, gammafunk_temple_overflow_wave
D:3:      minmay_diamond_boxcup, layout_loops_corners,
          overflow_temple_1_default, overflow_temple_1_default,
          minmay_misc_feat_plants
D:4:      layout_loops_cross, chequers_serial_rivers_large_a,
          vehumet_altar_wand_db
D:5:      layout_loops_ring, yredelemnul_forgotten_temple_becter, first_ration,
          serial_shops, shop_fountains
D:6:      layout_rooms, kennysheep_mini, lemuel_blue_sif_altar,
          minmay_temple_entry_overgrown
D:7:      layout_loops_ring, old_standard_altar, grunt_temple_overflow_open
D:8:      gammafunk_jiyva_shrine, layout_rooms, old_standard_altar
D:9:      minmay_the_grid_square_5x5_3x3 [minmay_the_grid_square_5x5_longway,
          minmay_the_grid_square_5x5_two_small,
          minmay_the_grid_square_5x5_one_wall,
          minmay_the_grid_square_5x5_tri_point,
          minmay_the_grid_square_5x5_megaprize_checkered,
          minmay_the_grid_square_5x5_inner_v,
          minmay_the_grid_square_5x5_inner_i,
          minmay_the_grid_square_5x5_moneybag, minmay_the_grid_square_5x5_z],
          layout_rooms, minmay_lair_entry_grove, basic_altar, special_room
          [special_room_kobold]
D:10:     layout_basic, uniq_grum
D:11:     layout_stronghold, serial_shops, shop, shop, nicolae_shop_trees, shop,
          gauntlet_entry_generic, uniq_erica
D:12:     layout_basic, hiddenorc1_lemuel, david_nohive_1
Lair:1:   layout_big_grid, grunt_megastairs_5, serial_bayou_shore_b
Lair:2:   layout_loops_ring, uniq_gastronok

Skill      XL: |  1  2  3  4  5  6  7  8  9 10 11 12 |
---------------+-------------------------------------+-----
Stealth        | 3 |  3.0
Dodging        | 3 |  3.0
Fighting       | 1 2 3 4 5 6 7 |  7.3
Spellcasting   | 4 5 6 8 9 10 11 12 | 12.1
Conjurations   | 5 6 7 8 9 10 | 10.7
Fire Magic     | 2 4 5 6 7 |  7.2
Earth Magic    | 2 4 5 6 7 |  7.0
Shields        | 1 2 3 4 |  4.0
Translocations | 4 6 |  6.5
Ice Magic      | 2 4 |  4.7
Air Magic      | 2 4 |  4.3

Action                   |  1- 3 |  4- 6 |  7- 9 | 10-12 || total
-------------------------+-------+-------+-------+-------++-------
Melee: Dagger            |    12 |     5 |     3 |       ||    20
       Staff             |       |       |       |     1 ||     1
 Cast: Magic Dart        |    71 |   123 |   266 |   105 ||   565
       Searing Ray       |     1 |    13 |    42 |    92 ||   148
       Force Lance       |       |       |     6 |    34 ||    40
       Iskenderun's Myst |       |       |     4 |    44 ||    48
       Fireball          |       |       |       |    69 ||    69
       Sandblast         |       |       |       |     4 ||     4
       Conjure Flame     |       |       |       |     1 ||     1
       Freezing Cloud    |       |       |       |     5 ||     5
       Flame Tongue      |       |       |       |     1 ||     1
Evoke: Staff of energy   |       |       |       |     1 ||     1
  Use: Scroll            |       |       |     9 |     9 ||    18
       Potion            |       |       |       |     1 ||     1
  Eat: Chunk             |     1 |     8 |    14 |    14 ||    37
       Ration            |       |       |       |     2 ||     2
Armor: Robe              |     2 |     1 |    14 |       ||    17
       Steam dragon scal |       |       |     5 |    35 ||    40
Dodge: Dodged            |    28 |    24 |    80 |    80 ||   212
Block: Buckler           |       |       |     9 |    42 ||    51
